 Dungeon Crawl Stone Soup version 0.30-a0-170-g85af917532 (webtiles) character file.

Game seed: 11917718612654611128

98 qw the Chopper (level 4, -4/28 HPs)
             Began as a Gargoyle Fighter on Oct 1, 2022.
             Slain by a white imp (5 damage)
             ... summoned by Eustachio
             ... on level 4 of the Dungeon.
             The game lasted 00:00:50 (2885 turns).

qw the Chopper (Gargoyle Fighter)                   Turns: 2885, Time: 00:00:50

Health: -4/28      AC: 14    Str: 21    XL:     4   Next: 69%
Magic:  4/4        EV:  7    Int:  9    God:
Gold:   127        SH:  6    Dex:  9    Spells: 3/3 levels left

rFire   . . .      SeeInvis .    Y - +1 war axe
rCold   . . .      Faith    .    j - +2 buckler
rNeg    + . .      Spirit   .    e - +0 chain mail
rPois   inf        Reflect  .    (helmet restricted)
rElec   +          Harm     .    h - +0 cloak
rCorr   .          Rampage  .    (no gloves)
Will    .....                    (no boots)
Stlth   ..........               (no amulet)
HPRegen 0.09/turn                (no ring)
MPRegen 0.09/turn                (no ring)

@: no status effects
A: sickness immunity, AC +3, negative energy resistance 1, electricity
resistance, torment resistance 1, petrification resistance, horns 1, shaggy fur
1
a: no special abilities


You were on level 4 of the Dungeon.
You visited 1 branch of the dungeon, and saw 4 of its levels.

You collected 127 gold pieces.


Innate Abilities, Weirdness & Mutations

You are immune to sickness and miasma.
Your stone body is resilient. (AC +3)
You are immune to poison.
You resist negative energy. (rN+)
You are resistant to electric shocks. (rElec)
You are resistant to unholy torment.
You are immune to petrification.
You have a pair of small horns on your head.
You are covered in fur. (AC +1)


   Skills:
 - Level 3.2 Fighting
 + Level 4.1 Axes
 - Level 1.0 Throwing
 - Level 3.2 Armour
 - Level 3.2 Shields


You had 3 spell levels left.
You didn't know any spells.
Your spell library was empty.

Inventory:

Hand Weapons
 k - a +0 flail
 Y - a +1 war axe (weapon)
Missiles
 l - 3 boomerangs (quivered)
Armour
 e - a +0 chain mail (worn)
 h - a +0 cloak (worn)
 j - a +2 buckler (worn)
Scrolls
 n - 2 scrolls of identify
Potions
 b - a potion of magic {unknown}
 c - 2 potions of curing
 d - 2 potions of might
 f - a potion of brilliance
 g - a potion of heal wounds {unknown}
 i - a potion of mutation
 p - a potion of flight {unknown}

Dungeon Overview and Level Annotations

Branches:
Dungeon (4/15)
 Temple: D:4-7

Altars:
The Shining One

Annotations:
D:4 Eustachio


Message History

Eustachio casts a spell.
Eustachio blinks!
The crimson imp closely misses you.
You barely miss the crimson imp.
Eustachio casts a spell.
Eustachio blinks!
You block the crimson imp's attack.
You hit the crimson imp.
The crimson imp is lightly wounded.
You barely miss the iron imp. You block the crimson imp's attack.
The iron imp barely misses you. The white imp hits you.
The white imp freezes you.
You closely miss Eustachio. You headbutt Eustachio.
Eustachio is heavily wounded.
You barely miss the iron imp. You hit the white imp.
You barely miss the crimson imp.
Eustachio seems less brilliant.
The crimson imp hits you but does no damage.
Eustachio hits you but does no damage.
The white imp hits you but does no damage.
The crimson imp hits you. The iron imp barely misses you.
Eustachio hits you with a +2 vorpal falchion.
You closely miss Eustachio.
Eustachio is heavily wounded.
You closely miss the crimson imp. You hit the iron imp.
You barely miss the white imp. The white imp gestures at you.
The puff of frost hits you but does no damage.
Eustachio twirls his moustache.
Eustachio casts a spell.
The crimson imp closely misses you. The iron imp hits you.
You barely miss Eustachio.
Eustachio is heavily wounded.
You completely miss the white imp. You slash the crimson imp!
You hit the iron imp. You closely miss the quokka. The bat barely misses you.
The bat hits you but does no damage. The white imp closely misses you.
The crimson imp hits you but does no damage.
Eustachio misses you. You block the quokka's attack.
The iron imp closely misses you. The white imp hits you.
The white imp freezes you.
You die...

#.## ############# #.#.
#...........# #.#[
#...........# #.#.
#...........# #.#.
#...........# #.#.
#..b........# #.#.
#####.555.......#####.#.
.(...b.@@...........#.#.
#####..r........###.#.#.
#...........# #...#.
############# #####. #.
#. ##


You could see Eustachio, an iron imp (summoned), a crimson imp (summoned), a
white imp (summoned), a quokka (summoned) and 2 bats.

Vanquished Creatures
  3 gnolls (D:3)
  2 adders (D:3)
  A worm (D:2)
  A dart slug (D:2)
  5 orcs (D:3)
  5 endoplasms
  A giant cockroach (D:1)
  5 goblins
  4 hobgoblins
  2 quokkas (D:2)
  3 ball pythons
  A bat (D:1)
  3 frilled lizards
  4 kobolds
  3 rats
43 creatures vanquished.

Notes
Turn   | Place    | Note
-------+----------+-------------------------------------------
     0 | D:1      | qw the Gargoyle Fighter began the quest for the Orb.
     0 | D:1      | Reached XP level 1. HP: 14/14 MP: 1/1
     0 | D:1      | 0 ||| qw: Version: 0.2-a-13-gfc7b4b4
     0 | D:1      | 0 ||| qw: Game counter: 1723
     0 | D:1      | 0 ||| qw: Always use a shield: true
     0 | D:1      | 0 ||| qw: God list: Okawaru
     0 | D:1      | 0 ||| qw: Allow faded altars: false
     0 | D:1      | 0 ||| qw: Do Orc after D:15 true
     0 | D:1      | 0 ||| qw: Do second Lair branch before Depths: true
     0 | D:1      | 0 ||| qw: Lair rune preference: random
     0 | D:1      | 0 ||| qw: Plans: Normal, Zot:1-4, God:TSO, Crypt, Tomb,
                  | Pan, Slime:5, Hells, Abyss, Orb
     0 | D:1      | 0 ||| PLANNING D:1-11
    72 | D:1      | Found a faded altar of an unknown god.
   128 | D:1      | Reached skill level 2 in Axes
   327 | D:1      | Reached XP level 2. HP: 19/19 MP: 2/2
  1051 | D:1      | 1051 ||| UPGRADING to +0 cloak.
  1056 | D:1      | 1056 ||| UPGRADING to +2 buckler.
  1066 | D:1      | 1066 ||| DROPPING +0 buckler.
  1067 | D:1      | 1067 ||| READING scroll labelled DABEPS ATZUFE.
  1068 | D:1      | 1068 ||| READING scroll labelled GATODA RESAETE.
  1178 | D:2      | 1178 ||| DROPPING +0 hand axe of freezing.
  1197 | D:2      | Reached skill level 3 in Axes
  1267 | D:2      | Reached XP level 3. HP: 23/23 MP: 3/3
  1497 | D:2      | 1497 ||| DROPPING +0 club.
  1731 | D:2      | 1731 ||| UPGRADING to +0 chain mail.
  1741 | D:2      | 1741 ||| DROPPING +0 scale mail.
  1742 | D:2      | 1742 ||| READING scroll labelled BESAHO TEZOSAESH.
  1743 | D:2      | 1743 ||| DRINKING 3 lumpy blue potions.
  1744 | D:2      | 1744 ||| DRINKING 2 cyan potions.
  1744 | D:2      | Gained mutation: You are covered in fur. (AC +1) [potion of
                  | mutation]
  1744 | D:2      | Gained mutation: You have a pair of small horns on your
                  | head. [potion of mutation]
  1953 | D:3      | 1953 ||| DROPPING +0 whip.
  2022 | D:3      | Reached skill level 1 in Throwing
  2022 | D:3      | Reached XP level 4. HP: 28/28 MP: 4/4
  2032 | D:3      | 2032 ||| Stepping ~*~*~tactically~*~*~ (stealth).
  2034 | D:3      | 2034 ||| Stepping ~*~*~tactically~*~*~ (hiding).
  2102 | D:3      | 2102 ||| Stepping ~*~*~tactically~*~*~ (stealth).
  2106 | D:3      | 2106 ||| Stepping ~*~*~tactically~*~*~ (stealth).
  2111 | D:3      | 2111 ||| FLEEEEING.
  2112 | D:3      | 2112 ||| FLEEEEING.
  2113 | D:3      | 2113 ||| FLEEEEING.
  2115 | D:3      | 2115 ||| FLEEEEING.
  2116 | D:3      | 2116 ||| FLEEEEING.
  2117 | D:3      | 2117 ||| FLEEEEING.
  2118 | D:3      | 2118 ||| FLEEEEING.
  2154 | D:3      | 2154 ||| DROPPING +1 whip of venom.
  2244 | D:3      | Found a glowing golden altar of the Shining One.
  2523 | D:3      | Reached skill level 4 in Axes
  2576 | D:3      | 2576 ||| Stepping ~*~*~tactically~*~*~ (stealth).
  2714 | D:3      | 2714 ||| READING scroll labelled ZIUSHR KAKK.
  2715 | D:3      | 2715 ||| READING scroll labelled FESSUO OMORO.
  2867 | D:4      | Noticed Eustachio
  2883 | D:4      | HP: 7/28 [Eustachio/+2 vorpal falchion (1)]
  2885 | D:4      | HP: 1/28 [white imp[Eustachio] (3)]
  2885 | D:4      | Slain by a white imp

Levels and vault maps discovered:
D:1:      ncdulo_watergridlock, layout_basic, shapermc_ecumenical_altar_gd,
          minmay_door_square, minmay_misc_feat_encased, grunt_decor_junction
D:2:      layout_loops_ring
D:3:      layout_basic, tso_oasis_becter, chequers_serial_rivers_micro_c,
          minmay_fractal_squares_5
D:4:      cheibrodos_old_hovel, layout_basic, mainiacjoe_overflow_paths,
          uniq_eustachio

Skill      XL: |  1  2  3  4 |
---------------+-------------+-----
Axes           | 2 3 4 |  4.1
Throwing       | 1 |  1.0
Fighting       | |  3.2
Armour         | |  3.2
Shields        | |  3.2

Action                   |  1- 3 |  4- 6 || total
-------------------------+-------+-------++-------
Melee: War axe           |    87 |    33 ||   120
       Headbutt          |     2 |     7 ||     9
Throw: Javelin           |     6 |     9 ||    15
  Use: Scroll            |     3 |     2 ||     5
       Potion            |     2 |       ||     2
Armor: Scale mail        |    26 |       ||    26
       Chain mail        |    12 |    25 ||    37
Dodge: Dodged            |    31 |    16 ||    47
Block: Buckler           |    18 |    13 ||    31

Table legend:
 A = Non-vault XP
 B = Vault XP
 C = Vault XP percentage of total XP
 D = Non-vault monster count
 E = Vault monster count
 F = Vault count percentage of total count
                 A         B        C        D         E       F
            +---------+---------+-------+---------+---------+-------
      Total |     134 |       6 |   4.3 |      40 |       3 |   7.0
            +---------+---------+-------+---------+---------+-------
        D:1 |      24 |       0 |   0.0 |      16 |       0 |   0.0
        D:2 |      22 |       0 |   0.0 |       9 |       0 |   0.0
        D:3 |      87 |       6 |   6.5 |      14 |       3 |  17.6
        D:4 |       1 |       0 |   0.0 |       1 |       0 |   0.0
            +---------+---------+-------+---------+---------+-------
